 Dungeon Crawl Stone Soup version 0.18-a0-1789-gbeff17f (webtiles) character file.

6729 M4edhros the Martial Artist (level 11, -12/61 HPs)
             Began as an Octopode Necromancer on Apr 21, 2016.
             Was an Elder of Cheibriados.
             Mangled by a shadow (26 damage)
             ... on level 11 of the Dungeon.
             The game lasted 00:55:04 (5760 turns).

M4edhros the Martial Artist (Octopode Necromancer)  Turns: 5760, Time: 00:55:05

Health: -12/61     AC:  7    Str: 16    XL:     11   Next: 4%
Magic:  14/14      EV: 18    Int: 26    God:    Cheibriados [****..]
Gold:   164        SH: 14    Dex: 29    Spells: 4 memorised, 3 levels left

rFire  . . .     SeeInvis .       - Unarmed
rCold  . . .     Gourm    .     B - +2 shield {AC+3}
rNeg   + . .     Faith    .     d - +1 hat
rPois  .         Spirit   .     (no amulet)
rElec  .         Dismiss  .     k - ring of resist corrosion
rCorr  +         Reflect  .     j - +2 ring of protection
SustAt .         Harm     .     m - +3 ring of dexterity
MR     .....                    F - ring of stealth
Stlth  +++++.....               w - ring of positive energy
                                (no ring)
                                (no ring)
                                (no ring)

@: very slow, not resistant to hostile enchantments, quite stealthy
A: almost no armour, amphibious, 8 rings, constrict 8, camouflage 1,
deterioration 1, gelatinous body 1
a: Bend Time, Temporal Distortion, Slouch, Renounce Religion


You were on level 11 of the Dungeon.
You worshipped Cheibriados.
Cheibriados was greatly pleased with you.
You were hungry.

You visited 2 branches of the dungeon, and saw 13 of its levels.
You also visited: Ossuary.

You collected 445 gold pieces.
You spent 281 gold pieces at shops.

Inventory:

Hand Weapons
 c - a +0 short sword
 f - a +1 hunting sling
 n - a +2 dagger of electrocution
 G - the +7 dire flail "Feshroi" {crush, rElec rC+ Dex+2}
   (You found it on level 10 of the Dungeon)

   It inflicts extra damage upon your enemies.
   It affects your dexterity (+2).
   It protects you from cold.
   It insulates you from electricity.
Missiles
 g - 231 stones (quivered)
 s - 26 sling bullets
 y - 6 needles of confusion
 L - 6 curare-tipped needles
Armour
 d - a +1 hat (worn)
 p - the +0 hat "Viuzaq" {MR+}
   (You acquired it in an ossuary)

   It affects your resistance to hostile enchantments.
 B - a +2 shield of protection (worn)
Jewellery
 j - a +2 ring of protection (right tentacle)
 k - a ring of resist corrosion (left tentacle)
 m - a +3 ring of dexterity (on tentacle)
 w - a ring of positive energy (on tentacle)
 F - a ring of stealth (on tentacle)
Wands
 e - a wand of confusion (4/48)
 o - a wand of lightning (11/15)
 u - a wand of enslavement (0/24)
 C - a wand of polymorph (4/24)
 E - a wand of iceblast (3/15)
 O - a wand of heal wounds (3/9)
 P - a wand of flame (16/48)
Scrolls
 h - 2 scrolls of immolation
 q - 3 scrolls of remove curse
 v - a scroll of amnesia
 H - a scroll of identify
 J - a scroll of teleportation
 N - a scroll of fear
Potions
 r - 2 potions of ambrosia
 z - a potion of flight
 A - a potion of curing
 I - a potion of brilliance
 K - a potion of magic
Books
 a - a book of Necromancy

   Spells                             Type                      Level
   a - Pain                           Necromancy                   1
   b - Animate Skeleton               Necromancy                   1
   c - Vampiric Draining              Necromancy                   3
   d - Regeneration                   Charms/Necromancy            3
   e - Animate Dead                   Necromancy                   4
   f - Control Undead                 Necromancy                   4
 x - a book of Transfigurations

   Spells                             Type                      Level
   a - Irradiate                      Conjuration/Transmutation    5
   b - Statue Form                    Transmutation/Earth          6
   c - Hydra Form                     Transmutation                6
   d - Dragon Form                    Transmutation                7
Comestibles
 b - 6 bread rations
 i - a slice of pizza
 l - a meat ration
 t - 8 fruits
 D - a beef jerky
 M - 9 chunks of flesh


   Skills:
 - Level 6.5 Dodging
 - Level 2.6 Stealth
 + Level 6.6 Shields
 + Level 8.8 Unarmed Combat
 - Level 2.0 Spellcasting
 - Level 4.0 Necromancy
 * Level 7.1 Transmutations
 * Level 7.1 Earth Magic
 + Level 2.4 Invocations


You had 3 spell levels left.
You knew the following spells:

 Your Spells              Type           Power        Failure   Level  Hunger
a - Pain                  Necr           ###.         8%          1    None
b - Animate Skeleton      Necr           N/A          8%          1    None
c - Regeneration          Chrm/Necr      ##........   38%         3    ###....
d - Statue Form           Trmt/Erth      #####....    99%         6    #######


Dungeon Overview and Level Annotations

Branches:
Dungeon (12/15)            Temple (1/1) D:7            Lair (0/8) D:9
    Orc: D:9-12

Altars:
Ashenzari
Cheibriados
Dithmenos
Elyvilon
Fedhas
Gozag
Kikubaaqudgha
Makhleb
Nemelex Xobeh
Okawaru
Pakellas
Qazlal
Ru
Sif Muna
Trog
Vehumet
Xom
Yredelemnul
Zin
The Shining One

Shops:
D:5 (   D:6 [   D:8 *   D:10 }

Annotations:
D:8 Gastronok


Innate Abilities, Weirdness & Mutations

You cannot wear most types of armour.
You are amphibious.
You can wear up to eight rings at the same time.
You can use your tentacles to constrict eight enemies at once.
Your skin changes colour to match your surroundings (Stealth).
Your rubbery body absorbs attacks (AC +1).
Your body sometimes deteriorates upon taking damage.


Message History

The shadow flickers and vanishes!
Deactivating autopickup; reactivate with Ctrl-A.
Evoke which item? (* to show all) (? for menu, Esc to quit)
Okay, then.
Drink which item? (? for menu, Esc to quit)
You feel better.
The shadow strikes at you from the darkness!
You tentacle-slap something. You squeeze something.
The shadow strikes at you from the darkness!
* * * LOW HITPOINT WARNING * * *
Reactivating autopickup.
You tentacle-slap the shadow but do no damage.
The shadow is almost destroyed.
You tentacle-slap the shadow.
You destroy the shadow!
Cheibriados thoroughly appreciates the change of pace.
Deactivating autopickup; reactivate with Ctrl-A.
You tentacle-slap something. x2
The shadow strikes at you from the darkness!
You die...

....... ......
....... ......
....... .....
.......
....######..(....
#...............
#.......>.......
#...............
#..@).......####
#...).......#
..........Z....#
...........Z....#
................#
................#
###....?........#
#......#####...


You could see a friendly orc skeleton and a friendly orc skeleton.

Vanquished Creatures
  A hill giant (D:8)
  The ghost of Xenophilius the Basher, a novice OgAs of Gozag (Ossuary)
  Grinder (D:6)
  9 yaks
  A shadow (D:11)
  A wraith (D:11)
  Menkaure (D:5)
  A mottled dragon (D:11)
  A black bear (D:7)
  An orc warrior (D:9)
  4 ice beasts
  4 wolves (D:9)
  3 phantoms
  3 ogres
  3 centaurs (D:11)
  2 giant frogs (D:9)
  2 wyvern zombies
  4 scorpions
  6 killer bees (D:8)
  3 howler monkeys (D:11)
  5 crimson imps
  6 hounds
  A giant frog zombie (D:7)
  4 jellies
  A quasit (D:7)
  A giant frog skeleton (D:6)
  4 orc priests
  A centaur skeleton (D:7)
  8 orc wizards
  3 worker ants
  4 big kobold zombies (Ossuary)
  A giant frog simulacrum (D:9)
  3 mummies
  6 adders
  A river rat (D:9)
  A hound simulacrum (D:9)
  A shadow imp (D:6)
  3 white imps
  3 ufetubi (D:9)
  An ooze (D:2)
  2 adder skeletons (D:7)
  5 adder zombies (Ossuary)
  4 worms
  3 giant geckos
  18 orcs
  2 giant cockroaches
  8 hobgoblins
  5 jackals
  3 kobolds (D:1)
  7 quokkas
  7 bats
  A giant gecko skeleton (D:8)
  2 giant newts
  A gnoll zombie (Ossuary)
  4 goblins
  3 hobgoblin zombies (Ossuary)
  3 kobold zombies
  4 orc zombies (Ossuary)
  6 rats
  A bush (D:4)
199 creatures vanquished.

Vanquished Creatures (collateral kills)
  Pikel (D:5)
  A water moccasin zombie (Ossuary)
  A centaur skeleton (D:6)
  An orc wizard (D:6)
  An adder (D:6)
  An adder zombie (Ossuary)
  An orc (D:6)
  A gnoll zombie (Ossuary)
  2 hobgoblin zombies (Ossuary)
  A kobold zombie (Ossuary)
  2 orc zombies (Ossuary)
13 creatures vanquished.

Vanquished Creatures (others)
  A slave (D:5)
  A giant frog zombie (D:5)
  An iguana (D:5)
  A worker ant (D:5)
  A hound skeleton (D:5)
  16 fungi (D:9)
21 creatures vanquished.

Grand Total: 233 creatures vanquished

Notes
Turn   | Place    | Note
--------------------------------------------------------------
     0 | D:1      | M4edhros the Octopode Necromancer began the quest for the Orb.
     0 | D:1      | Reached XP level 1. HP: 11/11 MP: 3/3
    94 | D:1      | Reached skill level 1 in Unarmed Combat
   160 | D:2      | Found an opulent altar of Gozag.
   220 | D:3      | Reached skill level 2 in Unarmed Combat
   220 | D:3      | Reached XP level 2. HP: 14/17 MP: 0/5
   268 | D:3      | Learned a level 1 spell: Animate Skeleton
   332 | D:2      | Found an oddly glowing altar of Pakellas.
   361 | D:2      | Reached XP level 3. HP: 2/21 MP: 3/6
   373 | D:2      | Learned a level 3 spell: Regeneration
   513 | D:2      | Reached skill level 3 in Unarmed Combat
   879 | D:1      | Reached XP level 4. HP: 21/27 MP: 2/7
  1093 | D:3      | Found a glowing silver altar of Zin.
  1244 | D:2      | Reached skill level 4 in Unarmed Combat
  1402 | D:3      | Gained mutation: You tend to lose your temper in combat. [potion of mutation]
  1402 | D:3      | Gained mutation: You are dopey. (Int -2) [potion of mutation]
  1402 | D:3      | Gained mutation: You are weak. (Str -2) [potion of mutation]
  1472 | D:4      | Reached XP level 5. HP: 31/31 MP: 8/8
  1519 | D:4      | Reached skill level 5 in Unarmed Combat
  1556 | D:4      | Reached XP level 6. HP: 28/36 MP: 9/9
  1579 | D:4      | Noticed a phantom
  1619 | D:4      | Killed a phantom
  1619 | D:4      | Reached skill level 1 in Shields
  1708 | D:4      | Found an iron altar of Okawaru.
  1709 | D:4      | Found a glowing golden altar of the Shining One.
  1770 | D:4      | Found an opulent altar of Gozag.
  1828 | D:4      | Reached skill level 6 in Unarmed Combat
  1828 | D:4      | Reached XP level 7. HP: 37/41 MP: 2/10
  1859 | D:4      | Found a blossoming altar of Fedhas.
  1859 | D:4      | Found a stormy altar of Qazlal.
  2259 | D:5      | Entered Level 5 of the Dungeon
  2344 | D:5      | Noticed Menkaure
  2349 | D:5      | Noticed Pikel
  2352 | D:5      | Killed Pikel
  2382 | D:5      | Killed Menkaure
  2382 | D:5      | Reached XP level 8. HP: 46/46 MP: 11/11
  2407 | D:5      | Found Jinuruy's Weapon Shoppe.
  2517 | D:5      | Found a white marble altar of Elyvilon.
  2598 | D:5      | Learned a level 6 spell: Statue Form
  2758 | D:5      | Reached skill level 1 in Earth Magic
  2897 | D:6      | Noticed Grinder
  2910 | D:6      | Reached skill level 1 in Transmutations
  2917 | D:6      | Killed Grinder
  2917 | D:6      | Reached skill level 5 in Dodging
  2917 | D:6      | Reached skill level 7 in Unarmed Combat
  2949 | D:6      | Found Qishrol's Antique Armour Boutique.
  2954 | D:6      | Bought a glowing shield for 108 gold pieces
  3293 | D:6      | Reached XP level 9. HP: 47/51 MP: 12/12
  3483 | D:7      | Found a staircase to the Ecumenical Temple.
  3491 | Temple   | Entered the Ecumenical Temple
  3527 | Temple   | Became a worshipper of Cheibriados the Contemplative
  3688 | D:8      | Noticed Gastronok
  3716 | D:8      | Identified a scroll of acquirement
  3781 | D:8      | Found a sand-covered staircase.
  3788 | Ossuary  | Entered an ossuary
  3823 | Ossuary  | Reached skill level 5 in Shields
  3828 | Ossuary  | Reached * piety under Cheibriados
  3860 | Ossuary  | Got a transparent hat
  3871 | Ossuary  | Identified the +0 hat "Viuzaq" {MR+} (You acquired it in an ossuary)
  3879 | Ossuary  | Noticed Xenophilius's ghost (novice OgAs)
  3993 | Ossuary  | Killed Xenophilius's ghost
  4321 | D:7      | Reached ** piety under Cheibriados
  4506 | D:8      | Noticed a hill giant
  4530 | D:8      | Killed a hill giant
  4530 | D:8      | Reached skill level 5 in Transmutations
  4530 | D:8      | Reached skill level 5 in Earth Magic
  4557 | D:9      | Reached XP level 10. HP: 56/56 MP: 13/13
  4582 | D:8      | Reached skill level 8 in Unarmed Combat
  4805 | D:8      | Reached *** piety under Cheibriados
  4865 | D:8      | Found Vuhuniro's Assorted Antiques.
  4868 | D:8      | Bought a bubbling yellow potion for 23 gold pieces
  4868 | D:8      | Bought a scroll of identify for 52 gold pieces
  4868 | D:8      | Bought 2 sedimented sapphire potions for 46 gold pieces
  4869 | D:8      | Bought a scroll of identify for 52 gold pieces
  4870 | D:8      | Lost mutation: You are weak. (Str -2) [potion of cure mutation]
  4870 | D:8      | Lost mutation: You are dopey. (Int -2) [potion of cure mutation]
  4870 | D:8      | Lost mutation: You tend to lose your temper in combat. [potion of cure mutation]
  5101 | D:10     | Entered Level 10 of the Dungeon
  5101 | D:10     | Found Utoczi's Gadget Shoppe.
  5190 | D:9      | Reached skill level 1 in Invocations
  5345 | D:10     | Gained mutation: Your body sometimes deteriorates upon taking damage. [potion of mutation]
  5345 | D:10     | Gained mutation: Your spells are a little easier to cast, but a little less powerful. [potion of mutation]
  5345 | D:10     | Lost mutation: Your spells are a little easier to cast, but a little less powerful. [potion of mutation]
  5363 | D:10     | Got an ancient dire flail
  5371 | D:10     | Identified the +7 dire flail "Feshroi" {crush, rElec rC+ Dex+2} (You found it on level 10 of the Dungeon)
  5630 | D:11     | Reached **** piety under Cheibriados
  5713 | D:12     | Noticed a hill giant
  5729 | D:11     | Reached XP level 11. HP: 53/61 MP: 14/14
  5760 | D:11     | Mangled by a shadow

Vault maps used:
D:1:      minmay_arrival_four_houses
D:2:      lemuel_doored_altar, grunt_gozag_breadcrumbs
D:3:      nicolae_overflow_crystal_walls, guppyfry_early_lair_pool
D:4:      nicolae_overflow_hidden_temple, serial_forest,
          infiniplex_forest_lined_room_3, infiniplex_forest_lined_3,
          infiniplex_forest_end_2, infiniplex_forest_corner_1,
          infiniplex_forest_clump_tiny, infiniplex_forest_lined_2,
          infiniplex_forest_lined_2, first_bread
D:5:      lemuel_coloured_pillars_altar, serial_shops,
          nicolae_shop_competitors_out_of_business, uniq_pikel, uniq_menkaure
D:6:      serial_shops, shop_fountains, uniq_grinder
D:7:      minmay_temple_entry_statues_pillars
D:8:      nicolae_ossuary_entry_giza, serial_shops, kennysheep_mini_moat,
          uniq_gastronok
D:9:      due_lair_maze_entry_diamond, serial_ice, serial_ice_k, serial_ice_b,
          serial_ice_e, serial_ice_o, serial_ice_h, serial_ice_d, serial_ice_n,
          serial_ice_g, hangedman_little_slice_of_home,
          hangedman_decor_clover_reticule
D:10:     serial_shops, shop
D:11:     enter_trove_6
D:12:     david_orc_3
Temple:   eino_temple_water_12
Ossuary:  ossuary_tomb_2

Skill      XL: |  1  2  3  4  5  6  7  8  9 10 |
---------------+-------------------------------+-----
Unarmed Combat | 2 3 4 5 6 7 8 |  8.8
Shields        | 2 3 4 5 6 |  6.6
Dodging        | 3 4 5 6 |  6.5
Earth Magic    | 2 5 7 |  7.1
Transmutations | 2 5 7 |  7.1
Invocations    | 2 |  2.4
Stealth        | |  2.6
Spellcasting   | |  2.0
Necromancy     | |  4.0

Action                   |  1- 3 |  4- 6 |  7- 9 | 10-12 || total
-------------------------+-------+-------+-------+-------++-------
Melee: Short sword       |     7 |       |       |       ||     7
       Constrict         |     8 |    19 |    44 |    27 ||    98
       Tentacles         |     7 |    20 |    58 |    77 ||   162
       Unarmed           |    33 |    47 |    51 |   187 ||   318
       Punch             |       |     4 |    13 |    25 ||    42
       Dagger            |       |    25 |   238 |       ||   263
 Fire: Hunting sling     |    20 |    41 |    22 |     9 ||    92
 Cast: Pain              |    17 |     4 |     4 |     4 ||    29
       Animate Skeleton  |     1 |     2 |     7 |     5 ||    15
       Regeneration      |     6 |     1 |    12 |    12 ||    31
Invok: Bend Time         |       |       |       |     6 ||     6
Evoke: Wand              |       |       |    18 |    40 ||    58
  Use: Potion            |     7 |     2 |     9 |     8 ||    26
       Scroll            |     4 |     6 |     9 |     9 ||    28
 Stab: Sleeping          |     4 |     6 |    13 |     2 ||    25
       Distracted        |       |       |     2 |     3 ||     5
       Confused          |       |       |     4 |     6 ||    10
  Eat: Chunk             |     1 |     5 |    11 |     5 ||    22
Armor: Skin              |     2 |     8 |    48 |    26 ||    84
Dodge: Dodged            |    16 |    22 |    93 |   118 ||   249
Block: Shield            |       |    19 |    90 |   143 ||   252
